 Dungeon Crawl Stone Soup version 0.28-a0-1143-gcf6077d4cc (webtiles) character file.

Game seed: 15348141181462594245

39 mcbry74 the Stinger (level 3, 0/24 HPs)
             Began as a Merfolk Venom Mage on Dec 13, 2021.
             Succumbed to an adder's poison
             ... on level 3 of the Dungeon.
             The game lasted 00:05:42 (1254 turns).

mcbry74 the Stinger (Merfolk Venom Mage)            Turns: 1254, Time: 00:05:43

Health: 0/24       AC:  2    Str:  8    XL:     3   Next: 45%
Magic:  4/6        EV: 12    Int: 16    God:
Gold:   94         SH:  0    Dex: 14    Spells: 5/6 levels left

rFire   . . .      SeeInvis .     - Unarmed
rCold   . . .      Faith    .   (no shield)
rNeg    . . .      Spirit   .   a - +0 robe
rPois   .          Reflect  .   (no helmet)
rElec   .          Harm     .   (no cloak)
rCorr   .          Rampage  .   (no gloves)
Will    .....                   (no boots)
Stlth   ++........              (no amulet)
HPRegen 0.08/turn               (no ring)
MPRegen 0.10/turn               (no ring)

@: lethally poisoned (0 -> -1)
A: (nimble swimmer 2), mertail
a: no special abilities


You were on level 3 of the Dungeon.
You visited 1 branch of the dungeon, and saw 3 of its levels.

You collected 94 gold pieces.

Inventory:

Hand Weapons
 e - a +0 hunting sling
Armour
 a - a +0 robe (worn)
Jewellery
 f - an amulet of magic regeneration
Scrolls
 c - a scroll of torment {unknown}
 d - a scroll of immolation {unknown}


   Skills:
 - Level 2.6 Dodging
 - Level 2.1 Stealth
 * Level 1.7 Unarmed Combat
 - Level 2.0 Spellcasting
 + Level 2.7 Transmutations
 + Level 3.8 Poison Magic


You had 5 spell levels left.
You knew the following spells:

 Your Spells              Type           Power      Damage    Failure   Level
a - Sting                 Tmut/Pois      48%        1d5       5%          1

Your spell library contained the following spells:

 Spells                   Type           Power      Damage    Failure   Level
 Poisonous Vapours        Pois/Air       14%        N/A       14%         2
 Mephitic Cloud           Conj/Pois/Air  5%         N/A       36%         3
 Olgreb's Toxic Radiance  Pois           14%        N/A       38%         4


Dungeon Overview and Level Annotations

Branches:
Dungeon (2/15)

Altars:


Innate Abilities, Weirdness & Mutations

((You are quick and stealthy near water. (Stealth+, EV+, Speed+++)))
Your lower body shifts to a powerful aquatic tail in water.


Message History

The adder is severely wounded.
You feel sick. The adder barely misses you.
You hit the adder.
The adder is almost dead.
You feel sick. The adder closely misses you.
You hit the adder but do no damage.
The adder is almost dead.
You feel sick.
The adder looks more healthy.
The adder bites you.
You closely miss the adder.
The adder is almost dead.
You feel sick. The adder bites you. The adder closely misses you.
You closely miss the adder.
The adder is almost dead.
You feel sick.
You are no longer poisoned.
The adder bites you.
* * * LOW HITPOINT WARNING * * *
You are poisoned.
The adder poisons you!
Casting: Sting (safe; 5% risk of failure)
Confirm with . or Enter, or press ? or * to list all spells.
Aiming: Sting (safe; 5% risk of failure)
Press: ? - help, Shift-Dir - straight line, f/p - adder
Aim: an adder (almost dead, 53% to hit)
The sting misses the adder.
You feel sick. The adder bites you.
* * * LOW HITPOINT WARNING * * *
Casting: Sting (safe; 5% risk of failure)
Confirm with . or Enter, or press ? or * to list all spells.
Aiming: Sting (safe; 5% risk of failure)
Press: ? - help, Shift-Dir - straight line, f/p - adder
Aim: an adder (almost dead, 53% to hit)
The sting hits the adder.
The adder is poisoned.
You kill the adder!
* * * LOW HITPOINT WARNING * * *
You feel sick.
You aren't carrying any potions.
As you read the scroll labelled NEM JUIKAD, it crumbles to dust.
You feel aware of your surroundings.
You sensed 1 altar.
It was a scroll of magic mapping.
You die...

,,,,,,,,....S....#,**,*#.#,#,*,*,
*,,,,*>,.......#.#,*#,*#.#.#,*,*,
,,,,,,*,..####.#.#,*#.*#.#.#.*,*,
,,,,,***,** #.#.#,**.##.#.#.*,*,
,*,*,* *,* #.#.#,**,......,,,,,
,,,*,* *,* #.#.#,,,,,.....,,,*,
,***,***,*** #.#.#*****#.#.#,*,,,
,***,*,,...###.#†# #####†#.#,*,,,
,,,,,,,,........@###...#.#.#.###.
****,,,,.........................
***,*##.#########...##########
*,,,,,* ##### *******


There were no monsters in sight!

Vanquished Creatures
  An adder (D:3)
  A dart slug (D:1)
  5 endoplasms
  2 giant cockroaches (D:1)
  4 goblins (D:1)
  6 hobgoblins
  2 ball pythons
  A frilled lizard (D:1)
  2 kobolds (D:1)
24 creatures vanquished.

Notes
Turn   | Place    | Note
-------+----------+-------------------------------------------
     0 | D:1      | mcbry74 the Merfolk Venom Mage began the quest for the Orb.
     0 | D:1      | Reached XP level 1. HP: 13/13 MP: 3/3
   205 | D:1      | Reached XP level 2. HP: 19/19 MP: 3/5
   584 | D:1      | Reached skill level 1 in Unarmed Combat
   612 | D:1      | Found a faded altar of an unknown god.
   730 | D:1      | Reached XP level 3. HP: 24/24 MP: 3/6
  1177 | D:2      | You fall into a shaft and drop 1 floor!
  1253 | D:3      | HP: 1/24 [poisoned by an adder]
  1254 | D:3      | Succumbed to an adder's poison

Illustrated notes

Levels and vault maps discovered:
D:1:      roderic_chinese_lattice_arrival, layout_basic,
          shapermc_ecumenical_altar_mp_highgroup
D:2:      layout_loops_cross
D:3:      layout_loops_ring, nicolae_qazlal_style_of_elements,
          kennysheep_cross_bottleneck, grunt_ministairs_3,
          hangedman_decor_lopped

Skill      XL: |  1  2 |
---------------+-------+-----
Transmutations | 2 |  2.7
Unarmed Combat | 1 |  1.7
Dodging        | |  2.6
Stealth        | |  2.1
Spellcasting   | |  2.0
Poison Magic   | |  3.8

Action                   || total
-------------------------++-------
Melee: Unarmed           ||    18
 Cast: Sting             ||    30
  Use: Scroll            ||     1
Dodge: Dodged            ||    12

Table legend: (Time is in decaauts)
 A = Elapsed time spent in this place.
 B = Non-inter-level travel time spent in this place.
 C = Inter-level travel time spent in this place.
 D = Time resting spent in this place.
 E = Time spent auto-exploring this place.
 F = Levels seen in this place.
 G = Mean time per level.
                   A        B        C        D        E       F      G
               +--------+--------+--------+--------+--------+-----+--------+
         Total |   1253 |   1223 |     30 |    337 |    587 |   3 |  417.7 |
       Dungeon |   1253 |   1223 |     30 |    337 |    587 |   3 |  417.7 |
               +--------+--------+--------+--------+--------+-----+--------+

Top non-repeatable levels by time:
     D:1: 934 daAuts
     D:2: 242 daAuts
     D:3: 76 daAuts
